cohdb
Replays
Latest Replays
All Replays
Popular Replays
Top Player Replays
Match Explorer
How It Works
Community
CoH3 Stats
Reddit
Sign in to upload your games and track your stats! →
Sign in with Steam
Match 47199346
Unlisted
Match 47199346
Overview
Messages
Build Orders
End
Construct Section Command Post
Vickers Machine Gun Team
Dingo Light Scout Car
Infantry Section
Infantry Section
Construct Platoon Command Post
Infantry Section
Humber Armored Car
6-pounder Anti-tank Gun Team
Royal Engineer Section
Construct Field Infirmary
Construct Company Command Post
Matilda II Heavy Tank
Unlock M3 Grant Medium Tanks
M3 Grant Medium Tank
M3 Grant Medium Tank
Selects Air and Sea Battlegroup
Selects Supply Surplus
Selects UNKNOWN (223837)
Grenade Package
Selects Naval Bombardment
Naval Bombardment
M3 Grant Medium Tank
Naval Bombardment
M3 Grant Medium Tank
Selects Commando Section Paradrop
Selects M1 Pack Howitzer Paradrop
Selects Anti-tank Rocket Loiter
Construct Resource Cache
Construct Resource Cache
M3 Grant Medium Tank
Anti-tank Rocket Loiter
M3 Grant Medium Tank
Construct Resource Cache
Anti-tank Rocket Loiter
CMP 15cwt Truck
Anti-tank Rocket Loiter
Centaur IV Medium Tank
Royal Engineer Section
Anti-tank Rocket Loiter
Unlock Towed 17-pounder Anti-tank Guns
17-pounder Anti-tank Gun Team
Anti-tank Rocket Loiter
Centaur IV Medium Tank
M3 Grant Medium Tank
Royal Engineer Section
Anti-tank Rocket Loiter
Foot Guards Section
Some_Devil
leto
皮皮
JT
Wheanors McQueen
TheSphinx
Mansonfreakss
Deutsche Eiche
0
0
Comments
sign in to comment!
No comments posted yet!